Coyotes vs Penguins
Created - 11 novembre 2013 at 19:03
Goals
|
| Coyotes |
0 |
1 |
1 |
0 |
0 |
2 |
| Penguins |
0 |
1 |
1 |
0 |
1 |
3 |
|
Shots
|
| Coyotes |
2 |
17 |
11 |
1 |
3 |
31 |
| Penguins |
9 |
12 |
12 |
0 |
2 |
33 |
|
1st period
No Goal
Penalties :
Derian Hatcher (Pit) for Boarding (Minor) at 0:09, Ryan Getzlaf (Pit) for Holding (Minor) at 6:02, Brenden Morrow (Pho) for Hooking (Minor) at 6:02
2nd period
1. Coyotes , Marian Gaborik 8 (Tom Poti) at 4:33
2. Penguins , Ville Peltonen 1 (Carlo Colaiacovo, Jere Lehtinen) at 19:18
Penalties :
Derian Hatcher (Pit) for Fighting (Major) at 16:44, Jiri Fischer (Pho) for Fighting (Major) at 16:44
3rd period
3. Coyotes , Tom Poti 2 (Sergei Samsonov, Maxim Lapierre) at 4:53
4. Penguins , Darren Reid 3 (Peter Forsberg) at 14:13 (PP)
Penalties :
Tom Poti (Pho) for High sticking (Minor) at 9:47, Marian Gaborik (Pho) for Hooking (Minor) at 14:11, Ryan Getzlaf (Pit) for Hooking (Minor) at 16:30
Overtime #1
No Goal
Penalties :
No Penalty
Shootout
Penalty Shot by Marian Gaborik for Coyotes - Stopped by Brian Elliott
Penalty Shot by Peter Forsberg for Penguins - Goal!
Penalty Shot by Sergei Samsonov for Coyotes - Stopped by Brian Elliott
Penalty Shot by Ted Purcell for Penguins - Shot Misses the Net
Penalty Shot by Bill Guerin for Coyotes - Stopped by Brian Elliott
Penalties :
No Penalty
Goalie Stats
Ryan Miller (Pho), 31 saves from 33 shots - (0,939), OTL, 6-4-1, 65:00 minutes
Brian Elliott (Pit), 29 saves from 31 shots - (0,935), W, 4-1-3, 65:00 minutes
Players Stats for Coyotes
Player Name G A P +/- PIM S H SB GA TA FO MP PP MP PK MP
------------------------------------------------------------------------------------
Bill Guerin 0 0 0 0 0 1 4 0 1 1 0/1 18:56 2:24 0:00
Brenden Morrow 0 0 0 1 2 3 3 0 0 2 0/1 21:50 1:29 0:44
Chad Larose 0 0 0 1 0 2 3 0 0 0 0/0 11:18 0:00 0:14
Craig Adams 0 0 0 -1 0 1 1 0 0 0 0/0 9:25 0:00 0:29
Denis Grebeshkov 0 0 0 1 0 2 1 0 0 0 0/0 26:25 2:12 1:12
Drew Miller 0 0 0 0 0 5 0 0 0 0 0/1 20:18 2:24 1:03
Frans Nielsen 0 0 0 0 0 2 3 1 0 0 9/19 20:15 2:24 1:03
Jiri Fischer 0 0 0 0 5 0 2 1 0 0 0/0 15:28 0:00 0:34
Joël Perrault 0 0 0 -1 0 0 0 0 0 0 0/2 7:52 0:00 0:29
Kurt Sauer 0 0 0 1 0 1 1 0 0 0 0/0 22:58 0:00 1:27
Lukas Krajicek 0 0 0 -1 0 1 0 2 1 1 0/0 16:39 1:46 0:47
Marian Gaborik 1 0 1 1 2 4 4 0 1 0 2/2 23:27 1:34 0:00
Maxim Lapierre 0 1 1 1 0 2 1 0 0 0 3/6 10:27 0:00 0:00
Riley Cote 0 0 0 -1 0 0 0 0 0 0 0/0 7:14 0:05 0:00
Sami Lepisto 0 0 0 -1 0 0 0 3 0 0 0/0 18:32 1:46 0:00
Sergei Samsonov 0 1 1 1 0 2 0 0 0 0 0/0 12:40 0:05 0:00
Tim Connolly 0 0 0 1 0 1 1 2 0 0 10/31 23:28 1:29 0:00
Tom Poti 1 1 2 2 2 4 2 2 2 3 0/0 28:44 2:12 0:02
Players Stats for Penguins
Player Name G A P +/- PIM S H SB GA TA FO MP PP MP PK MP
------------------------------------------------------------------------------------
Andy Sutton 0 0 0 0 0 0 1 0 1 0 0/0 18:34 0:48 2:14
Carlo Colaiacovo 0 1 1 1 0 1 0 2 1 2 0/0 19:33 0:48 0:27
Dainius Zubrus 0 0 0 0 0 2 0 0 1 0 0/0 12:31 0:00 2:09
Darren Reid 1 0 1 -1 0 4 1 0 0 0 0/1 21:47 1:08 0:00
Denis Arkhipov 0 0 0 0 0 0 3 0 1 0 4/6 13:43 0:00 2:09
Derian Hatcher 0 0 0 -2 7 2 2 2 0 0 0/0 23:01 1:13 1:17
Jere Lehtinen 0 1 1 0 0 3 0 0 0 0 0/0 7:39 0:00 0:00
Marc-Édouard Vlasic 0 0 0 -2 0 2 2 2 0 1 0/0 27:58 1:13 0:00
Mike Watt 0 0 0 0 0 0 1 0 0 0 0/0 12:51 0:00 0:40
Peter Forsberg 0 1 1 0 0 2 0 1 0 0 11/17 21:55 1:08 1:41
Riley Armstrong 0 0 0 0 0 1 0 0 0 0 1/1 7:44 0:00 0:08
Ryan Getzlaf 0 0 0 -1 4 4 3 0 0 0 18/32 19:50 0:53 0:00
Ryan Kesler 0 0 0 -1 0 2 2 1 2 1 1/1 20:48 0:53 0:00
Steve Staios 0 0 0 0 0 3 1 3 0 1 0/0 23:59 0:00 2:10
Taylor Pyatt 0 0 0 0 0 4 0 1 0 0 3/4 19:36 1:08 0:02
Ted Purcell 0 0 0 0 0 0 2 1 0 0 1/1 16:58 0:53 0:00
Tom Preissing 0 0 0 1 0 0 2 1 0 0 0/0 16:54 0:00 1:48
Ville Peltonen 1 0 1 0 0 3 1 0 1 0 0/0 8:38 0:00 1:07
3 Stars
1 - Tom Poti (Pho)
2 - Marian Gaborik (Pho)
3 - Ryan Miller (Pho)
Power Play
Coyotes - 0 on 2 Attempt(s) - 0,00%
Penguins - 1 on 2 Attempt(s) - 50,00%
Penalty Kill
Coyotes - 1 on 2 Attempt(s) - 50,00%
- Score 0 goal in Penalty Kill
Penguins - 2 on 2 Attempt(s) - 100,00%
- Score 0 goal in Penalty Kill
Official
Referees : Joannette Marc and O'Halloran Dan
Linesman : Brad Lazarowich and Mark Pare
Game Notes
Derian Hatcher and Jiri Fischer fight to a draw at 16:44 of 2nd period
Finance
Level 1 -- Attendance: 6000 (100,00%) -- Ticket Income 456 000 $
Level 2 -- Attendance: 5000 (100,00%) -- Ticket Income 210 000 $
Level 3 -- Attendance: 1980 (99,00%) -- Ticket Income 51 480 $
Level 4 -- Attendance: 3921 (98,03%) -- Ticket Income 66 657 $
Luxury Box -- Attendance: 865 (86,50%) -- Ticket Income 140 130 $
Game was played at the Igloo
Total Attendance: 17766 (98,70%)
Total Ticket Income: 924 267 $
Other Income: 138 640 $
Total Income: 1 062 907 $
Coyotes
5 vs 5 Forward
Center Left Wing Right Wing Time % Phy DF OF
1 Tim Connolly Brenden Morrow Marian Gaborik 40 1 2 2
2 Frans Nielsen Drew Miller Bill Guerin 30 1 2 2
3 Maxim Lapierre Sergei Samsonov Chad Larose 20 1 2 2
4 Joël Perrault Riley Cote Craig Adams 10 1 2 2
5 vs 5 Defense
Defense Defense Time % Phy DF OF
1 Tom Poti Denis Grebeshkov 40 1 2 2
2 Sami Lepisto Kurt Sauer 30 1 2 2
3 Lukas Krajicek Jiri Fischer 20 1 2 2
4 Tom Poti Kurt Sauer 10 1 2 2
PowerPlay Forward
Center Left Wing Right Wing Time % Phy DF OF
1 Tim Connolly Brenden Morrow Marian Gaborik 60 1 2 2
2 Frans Nielsen Drew Miller Bill Guerin 40 1 2 2
PowerPlay Defense
Defense Defense Time % Phy DF OF
1 Tom Poti Denis Grebeshkov 60 1 2 2
2 Sami Lepisto Lukas Krajicek 40 1 2 2
Penalty Kill 4 Players Forward
Center Wing Time % Phy DF OF
1 Frans Nielsen Drew Miller 60 1 2 2
2 Chad Larose Craig Adams 40 1 2 2
Penalty Kill 4 Players Defense
Defense Defense Time % Phy DF OF
1 Tom Poti Kurt Sauer 60 1 2 2
2 Denis Grebeshkov Jiri Fischer 40 1 2 2
Penalty Kill - 3 Players Forward
Forward Time % Phy DF OF
1 Drew Miller 60 1 2 2
2 Chad Larose 40 1 2 2
Penalty Kill - 3 Players Defense
Defense Defense Time % Phy DF OF
1 Tom Poti Kurt Sauer 60 1 2 2
2 Denis Grebeshkov Jiri Fischer 40 1 2 2
4 vs 4 Forward
Center Wing Time % Phy DF OF
1 Tim Connolly Marian Gaborik 60 1 2 2
2 Frans Nielsen Drew Miller 40 1 2 2
4 vs 4 Defense
Defense Defense Time % Phy DF OF
1 Tom Poti Kurt Sauer 60 1 2 2
2 Denis Grebeshkov Jiri Fischer 40 1 2 2
Last Minutes Offensive
Center Left Wing Right Wing Defense Defense
Tim Connolly Brenden Morrow Marian Gaborik Tom Poti Denis Grebeshkov
Last Minutes Defensive
Center Left Wing Right Wing Defense Defense
Frans Nielsen Drew Miller Chad Larose Tom Poti Kurt Sauer
Goaltenders
Starting : Ryan Miller
Backup : Al Montoya
Extra Forwards
Normal : Bill Guerin, Sergei Samsonov, Craig Adams - PP : Bill Guerin, Sergei Samsonov - PK : Craig Adams
Extra Defensemen
Normal : Sami Lepisto, Lukas Krajicek, Denis Grebeshkov - PP : Sami Lepisto - PK : Lukas Krajicek, Denis Grebeshkov
Penalty Shots
Marian Gaborik, Sergei Samsonov, Bill Guerin, Brenden Morrow, Frans Nielsen
Penguins
5 vs 5 Forward
Center Left Wing Right Wing Time % Phy DF OF
1 Ryan Getzlaf Ryan Kesler Darren Reid 40 1 1 3
2 Peter Forsberg Taylor Pyatt Ted Purcell 39 1 1 3
3 Denis Arkhipov Mike Watt Dainius Zubrus 16 1 2 2
4 Riley Armstrong Ville Peltonen Jere Lehtinen 5 1 2 2
5 vs 5 Defense
Defense Defense Time % Phy DF OF
1 Marc-Édouard Vlasic Derian Hatcher 40 1 1 3
2 Steve Staios Andy Sutton 30 1 2 2
3 Tom Preissing Carlo Colaiacovo 20 1 2 2
4 Marc-Édouard Vlasic Steve Staios 10 1 1 3
PowerPlay Forward
Center Left Wing Right Wing Time % Phy DF OF
1 Peter Forsberg Taylor Pyatt Darren Reid 60 0 1 4
2 Ryan Getzlaf Ryan Kesler Ted Purcell 40 1 1 3
PowerPlay Defense
Defense Defense Time % Phy DF OF
1 Derian Hatcher Marc-Édouard Vlasic 60 0 1 4
2 Carlo Colaiacovo Andy Sutton 40 1 1 3
Penalty Kill 4 Players Forward
Center Wing Time % Phy DF OF
1 Denis Arkhipov Dainius Zubrus 60 1 3 1
2 Peter Forsberg Ville Peltonen 40 1 3 1
Penalty Kill 4 Players Defense
Defense Defense Time % Phy DF OF
1 Steve Staios Derian Hatcher 60 1 3 1
2 Andy Sutton Tom Preissing 40 1 3 1
Penalty Kill - 3 Players Forward
Forward Time % Phy DF OF
1 Denis Arkhipov 60 1 3 1
2 Ville Peltonen 40 1 3 1
Penalty Kill - 3 Players Defense
Defense Defense Time % Phy DF OF
1 Derian Hatcher Steve Staios 60 1 3 1
2 Andy Sutton Tom Preissing 40 1 3 1
4 vs 4 Forward
Center Wing Time % Phy DF OF
1 Peter Forsberg Darren Reid 60 1 1 3
2 Ryan Kesler Taylor Pyatt 40 1 1 3
4 vs 4 Defense
Defense Defense Time % Phy DF OF
1 Derian Hatcher Marc-Édouard Vlasic 60 1 1 3
2 Carlo Colaiacovo Steve Staios 40 1 1 3
Last Minutes Offensive
Center Left Wing Right Wing Defense Defense
Peter Forsberg Taylor Pyatt Darren Reid Steve Staios Marc-Édouard Vlasic
Last Minutes Defensive
Center Left Wing Right Wing Defense Defense
Ryan Getzlaf Ville Peltonen Darren Reid Derian Hatcher Tom Preissing
Goaltenders
Starting : Brian Elliott
Backup : Ondrej Pavelec
Extra Forwards
Normal : Ryan Kesler, Ryan Getzlaf, Darren Reid - PP : Ryan Kesler, Darren Reid - PK : Dainius Zubrus
Extra Defensemen
Normal : Steve Staios, Marc-Édouard Vlasic, Andy Sutton - PP : Marc-Édouard Vlasic - PK : Andy Sutton, Derian Hatcher
Penalty Shots
Peter Forsberg, Ted Purcell, Ryan Kesler, Darren Reid, Taylor Pyatt
% Time on Ice - Coyotes
Lines # - Real PCT - Wanted PCT - Time Play
Normal Forward
1 - 39% - 40% - 20:16
2 - 28% - 30% - 14:23
3 - 20% - 20% - 10:35
4 - 13% - 10% - 6:48
Normal Defense
1 - 40% - 40% - 20:41
2 - 29% - 30% - 15:07
3 - 26% - 20% - 13:20
4 - 6% - 10% - 2:54
PP Forward
1 - 39% - 60% - 1:34
2 - 61% - 40% - 2:24
PP Defense
1 - 55% - 60% - 2:12
2 - 45% - 40% - 1:46
PK Forward
1 - 88% - 60% - 1:47
2 - 12% - 40% - 0:14
PK Defense
1 - 72% - 60% - 1:27
2 - 28% - 40% - 0:34
PK3 Forward
1 - 0% - 60%
2 - 0% - 40%
PK3 Defense
1 - 0% - 60%
2 - 0% - 40%
44 Forward
1 - 72% - 60% - 5:03
2 - 28% - 40% - 1:56
44 Defense
1 - 61% - 60% - 4:17
2 - 39% - 40% - 2:42
Last Minute Offensive - 0:00
Last Minute Defensive - 0:00
Total
Forward - 65:00
Defense - 65:00
|
% Time on Ice - Penguins
Lines # - Real PCT - Wanted PCT - Time Play
Normal Forward
1 - 35% - 40% - 18:26
2 - 31% - 39% - 16:06
3 - 19% - 16% - 10:00
4 - 14% - 5% - 7:30
Normal Defense
1 - 37% - 40% - 19:30
2 - 27% - 30% - 14:16
3 - 28% - 20% - 14:28
4 - 7% - 10% - 3:48
PP Forward
1 - 56% - 60% - 1:08
2 - 44% - 40% - 0:53
PP Defense
1 - 60% - 60% - 1:13
2 - 40% - 40% - 0:48
PK Forward
1 - 72% - 60% - 2:51
2 - 28% - 40% - 1:07
PK Defense
1 - 55% - 60% - 2:10
2 - 45% - 40% - 1:48
PK3 Forward
1 - 0% - 60%
2 - 0% - 40%
PK3 Defense
1 - 0% - 60%
2 - 0% - 40%
44 Forward
1 - 78% - 60% - 5:25
2 - 22% - 40% - 1:34
44 Defense
1 - 57% - 60% - 3:59
2 - 43% - 40% - 3:00
Last Minute Offensive - 0:00
Last Minute Defensive - 0:00
Total
Forward - 65:00
Defense - 65:00
|
Play by Play
1st period
0:01 of 1st period - Ryan Getzlaf wins face-off versus Tim Connolly in neutral zone.
0:09 of 1st period - Minor Penalty to Derian Hatcher for Boarding.
0:10 of 1st period - Tim Connolly wins face-off versus Denis Arkhipov in Penguins zone.
0:23 of 1st period - Snap shot by Marian Gaborik.
0:23 of 1st period - Shot Hit the Post.
2:09 of 1st period - Penalty to Derian Hatcher is over, Derian Hatcher is back on ice.
2:22 of 1st period - Snap shot by Tom Poti.
2:22 of 1st period - Shot Blocked by Derian Hatcher.
2:24 of 1st period - Snap shot by Kurt Sauer.
2:24 of 1st period - Stopped by Brian Elliott with a rebound.
2:26 of 1st period - Snap shot by Sergei Samsonov.
2:26 of 1st period - Shot Misses the Net.
2:28 of 1st period - Snap shot by Chad Larose.
2:28 of 1st period - Deflect By Sergei Samsonov.
2:28 of 1st period - Shot Blocked by Derian Hatcher.
2:28 of 1st period - Puck is out of play.
2:29 of 1st period - Tim Connolly wins face-off versus Peter Forsberg in Penguins zone.
2:40 of 1st period - Wrist shot by Marc-Édouard Vlasic.
2:40 of 1st period - Stopped by Ryan Miller without a rebound.
2:41 of 1st period - Ryan Getzlaf wins face-off versus Tim Connolly in Coyotes zone.
2:42 of 1st period - Wrist shot by Darren Reid.
2:42 of 1st period - Stopped by Ryan Miller with a rebound.
3:13 of 1st period - Snap shot by Derian Hatcher.
3:13 of 1st period - Stopped by Ryan Miller with a rebound.
3:53 of 1st period - Derian Hatcher is hit by Tim Connolly and loses puck.
3:59 of 1st period - Off-side.
4:00 of 1st period - Frans Nielsen wins face-off versus Peter Forsberg in neutral zone.
4:03 of 1st period - Wrist shot by Lukas Krajicek.
4:03 of 1st period - Shot Blocked by Steve Staios.
4:16 of 1st period - Snap shot by Peter Forsberg.
4:16 of 1st period - Shot Blocked by Jiri Fischer.
4:26 of 1st period - Ryan Kesler is hit by Brenden Morrow and loses puck.
5:31 of 1st period - Slapshot by Jere Lehtinen.
5:31 of 1st period - Stopped by Ryan Miller with a rebound.
5:39 of 1st period - Snap shot by Drew Miller.
5:39 of 1st period - Stopped by Brian Elliott with a rebound.
5:51 of 1st period - Wrist shot by Darren Reid.
5:51 of 1st period - Shot Blocked by Sami Lepisto.
5:53 of 1st period - Snap shot by Carlo Colaiacovo.
5:53 of 1st period - Stopped by Ryan Miller without a rebound.
5:54 of 1st period - Tim Connolly wins face-off versus Ryan Getzlaf in Coyotes zone.
5:59 of 1st period - Wrist shot by Marian Gaborik.
5:59 of 1st period - Shot Blocked by Steve Staios.
6:02 of 1st period - Minor Penalty to Ryan Getzlaf for Holding.
6:02 of 1st period - Minor Penalty to Brenden Morrow for Hooking.
6:03 of 1st period - Peter Forsberg wins face-off versus Tim Connolly in neutral zone.
6:56 of 1st period - Slapshot by Frans Nielsen.
6:56 of 1st period - Shot Misses the Net.
6:58 of 1st period - Slapshot by Tom Poti.
6:58 of 1st period - Shot Blocked by Carlo Colaiacovo.
7:21 of 1st period - Steve Staios is hit by Bill Guerin and loses puck.
7:44 of 1st period - Ryan Kesler is hit by Marian Gaborik and loses puck.
8:02 of 1st period - Penalty to Ryan Getzlaf is over, Ryan Getzlaf is back on ice.
8:02 of 1st period - Penalty to Brenden Morrow is over, Brenden Morrow is back on ice.
8:35 of 1st period - Derian Hatcher is hit by Maxim Lapierre and loses puck.
8:42 of 1st period - Dainius Zubrus is hit by Chad Larose and loses puck.
9:09 of 1st period - Drew Miller is hit by Ryan Kesler and loses puck.
9:18 of 1st period - Darren Reid is hit by Bill Guerin and loses puck.
9:31 of 1st period - Kurt Sauer is hit by Ville Peltonen and loses puck.
9:52 of 1st period - Peter Forsberg is hit by Frans Nielsen.
9:56 of 1st period - Peter Forsberg is hit by Denis Grebeshkov and loses puck.
10:09 of 1st period - Drew Miller is hit by Denis Arkhipov and loses puck.
10:18 of 1st period - Denis Arkhipov is hit by Frans Nielsen and loses puck.
10:39 of 1st period - Marian Gaborik is hit by Ryan Getzlaf and loses puck.
11:48 of 1st period - Snap shot by Marian Gaborik.
11:48 of 1st period - Shot Misses the Net.
12:42 of 1st period - Slapshot by Riley Armstrong.
12:42 of 1st period - Shot Misses the Net.
12:44 of 1st period - Wrist shot by Riley Armstrong.
12:44 of 1st period - Shot Misses the Net.
12:46 of 1st period - Slapshot by Ville Peltonen.
12:46 of 1st period - Shot Misses the Net.
12:48 of 1st period - Slapshot by Steve Staios.
12:48 of 1st period - Stopped by Ryan Miller with a rebound.
12:50 of 1st period - Slapshot by Derian Hatcher.
12:50 of 1st period - Shot Misses the Net.
13:04 of 1st period - Snap shot by Jere Lehtinen.
13:04 of 1st period - Stopped by Ryan Miller with a rebound.
13:06 of 1st period - Snap shot by Ville Peltonen.
13:06 of 1st period - Shot Misses the Net.
13:08 of 1st period - Slapshot by Marc-Édouard Vlasic.
13:08 of 1st period - Stopped by Ryan Miller with a rebound.
13:10 of 1st period - Slapshot by Andy Sutton.
13:10 of 1st period - Shot Misses the Net.
14:18 of 1st period - Wrist shot by Riley Armstrong.
14:18 of 1st period - Shot Misses the Net.
14:20 of 1st period - Wrist shot by Ville Peltonen.
14:20 of 1st period - Stopped by Ryan Miller without a rebound.
14:21 of 1st period - Taylor Pyatt wins face-off versus Frans Nielsen in Coyotes zone.
14:24 of 1st period - Wrist shot by Peter Forsberg.
14:24 of 1st period - Shot Blocked by Tom Poti.
15:37 of 1st period - Slapshot by Lukas Krajicek.
15:37 of 1st period - Shot Blocked by Carlo Colaiacovo.
17:38 of 1st period - Tom Poti is hit by Andy Sutton and loses puck.
18:01 of 1st period - Peter Forsberg is hit by Chad Larose and loses puck.
2nd period
0:01 of 2nd period - Ryan Getzlaf wins face-off versus Tim Connolly in neutral zone.
0:10 of 2nd period - Snap shot by Ryan Getzlaf.
0:10 of 2nd period - Stopped by Ryan Miller with a rebound.
0:13 of 2nd period - Icing by Tom Poti.
0:14 of 2nd period - Peter Forsberg wins face-off versus Tim Connolly in Coyotes zone.
0:47 of 2nd period - Backhand shot by Brenden Morrow.
0:47 of 2nd period - Stopped by Brian Elliott without a rebound.
0:48 of 2nd period - Taylor Pyatt wins face-off versus Drew Miller in Penguins zone.
1:13 of 2nd period - Sami Lepisto is hit by Ryan Getzlaf and loses puck.
2:22 of 2nd period - Snap shot by Ted Purcell.
2:22 of 2nd period - Shot Blocked by Tim Connolly.
2:42 of 2nd period - Backhand shot by Tom Poti.
2:42 of 2nd period - Deflect By Drew Miller.
2:42 of 2nd period - Stopped by Brian Elliott without a rebound.
2:43 of 2nd period - Frans Nielsen wins face-off versus Ryan Getzlaf in Penguins zone.
2:50 of 2nd period - Slapshot by Frans Nielsen.
2:50 of 2nd period - Shot Misses the Net.
3:15 of 2nd period - Wrist shot by Peter Forsberg.
3:15 of 2nd period - Deflect By Taylor Pyatt.
3:15 of 2nd period - Stopped by Ryan Miller with a rebound.
3:57 of 2nd period - Wrist shot by Craig Adams.
3:57 of 2nd period - Shot Blocked by Ryan Kesler.
4:28 of 2nd period - Marc-Édouard Vlasic is hit by Marian Gaborik and loses puck.
4:33 of 2nd period - Snap shot by Marian Gaborik.
4:33 of 2nd period - Goal by Marian Gaborik - Coyotes : 1 - Penguins : 0.
4:34 of 2nd period - Ryan Getzlaf wins face-off versus Tim Connolly in neutral zone.
4:41 of 2nd period - Slapshot by Ryan Getzlaf.
4:41 of 2nd period - Shot Misses the Net.
4:47 of 2nd period - Snap shot by Marian Gaborik.
4:47 of 2nd period - Deflect By Brenden Morrow.
4:47 of 2nd period - Shot Misses the Net.
4:47 of 2nd period - Puck is out of play.
4:48 of 2nd period - Frans Nielsen wins face-off versus Peter Forsberg in Penguins zone.
4:53 of 2nd period - Slapshot by Frans Nielsen.
4:53 of 2nd period - Deflect By Drew Miller.
4:53 of 2nd period - Shot Misses the Net.
4:53 of 2nd period - Puck is out of play.
4:54 of 2nd period - Frans Nielsen wins face-off versus Peter Forsberg in Penguins zone.
5:03 of 2nd period - Snap shot by Drew Miller.
5:03 of 2nd period - Shot Blocked by Marc-Édouard Vlasic.
5:05 of 2nd period - Slapshot by Denis Grebeshkov.
5:05 of 2nd period - Stopped by Brian Elliott without a rebound.
5:06 of 2nd period - Tim Connolly wins face-off versus Ryan Getzlaf in Penguins zone.
5:31 of 2nd period - Peter Forsberg is hit by Bill Guerin and loses puck.
5:56 of 2nd period - Slapshot by Tom Poti.
5:56 of 2nd period - Shot Blocked by Tom Preissing.
5:58 of 2nd period - Snap shot by Chad Larose.
5:58 of 2nd period - Stopped by Brian Elliott with a rebound.
6:00 of 2nd period - Slapshot by Tom Poti.
6:00 of 2nd period - Stopped by Brian Elliott without a rebound.
6:01 of 2nd period - Ryan Getzlaf wins face-off versus Tim Connolly in Penguins zone.
6:12 of 2nd period - Slapshot by Brenden Morrow.
6:12 of 2nd period - Stopped by Brian Elliott without a rebound.
6:13 of 2nd period - Peter Forsberg wins face-off versus Tim Connolly in Penguins zone.
6:22 of 2nd period - Snap shot by Peter Forsberg.
6:22 of 2nd period - Stopped by Ryan Miller with a rebound.
6:38 of 2nd period - Frans Nielsen is hit by Ryan Getzlaf and loses puck.
6:47 of 2nd period - Wrist shot by Frans Nielsen.
6:47 of 2nd period - Deflect By Bill Guerin.
6:47 of 2nd period - Stopped by Brian Elliott without a rebound.
6:48 of 2nd period - Ryan Getzlaf wins face-off versus Tim Connolly in Penguins zone.
6:57 of 2nd period - Tom Poti is hit by Marc-Édouard Vlasic and loses puck.
7:16 of 2nd period - Slapshot by Denis Grebeshkov.
7:16 of 2nd period - Shot Blocked by Taylor Pyatt.
7:31 of 2nd period - Icing by Peter Forsberg.
7:32 of 2nd period - Maxim Lapierre wins face-off versus Denis Arkhipov in Penguins zone.
7:45 of 2nd period - Wrist shot by Maxim Lapierre.
7:45 of 2nd period - Stopped by Brian Elliott with a rebound.
8:23 of 2nd period - Slapshot by Drew Miller.
8:23 of 2nd period - Stopped by Brian Elliott without a rebound.
8:24 of 2nd period - Frans Nielsen wins face-off versus Taylor Pyatt in Penguins zone.
9:29 of 2nd period - Snap shot by Dainius Zubrus.
9:29 of 2nd period - Stopped by Ryan Miller with a rebound.
9:43 of 2nd period - Ville Peltonen is hit by Jiri Fischer and loses puck.
10:11 of 2nd period - Snap shot by Joël Perrault.
10:11 of 2nd period - Shot Blocked by Peter Forsberg.
10:53 of 2nd period - Snap shot by Dainius Zubrus.
10:53 of 2nd period - Shot Misses the Net.
11:03 of 2nd period - Ville Peltonen is hit by Craig Adams and loses puck.
11:20 of 2nd period - Wrist shot by Chad Larose.
11:20 of 2nd period - Shot Blocked by Marc-Édouard Vlasic.
11:54 of 2nd period - Wrist shot by Dainius Zubrus.
11:54 of 2nd period - Stopped by Ryan Miller with a rebound.
12:04 of 2nd period - Wrist shot by Mike Watt.
12:04 of 2nd period - Shot Misses the Net.
12:14 of 2nd period - Sergei Samsonov is hit by Tom Preissing.
12:41 of 2nd period - Slapshot by Drew Miller.
12:41 of 2nd period - Shot Misses the Net.
12:43 of 2nd period - Snap shot by Drew Miller.
12:43 of 2nd period - Stopped by Brian Elliott with a rebound.
12:45 of 2nd period - Slapshot by Lukas Krajicek.
12:45 of 2nd period - Stopped by Brian Elliott without a rebound.
12:46 of 2nd period - Denis Arkhipov wins face-off versus Frans Nielsen in Penguins zone.
13:12 of 2nd period - Tim Connolly is hit by Derian Hatcher and loses puck.
13:23 of 2nd period - Slapshot by Taylor Pyatt.
13:23 of 2nd period - Stopped by Ryan Miller with a rebound.
13:25 of 2nd period - Slapshot by Ted Purcell.
13:25 of 2nd period - Shot Blocked by Tim Connolly.
14:06 of 2nd period - Wrist shot by Marian Gaborik.
14:06 of 2nd period - Stopped by Brian Elliott without a rebound.
14:07 of 2nd period - Ryan Getzlaf wins face-off versus Frans Nielsen in Penguins zone.
14:07 of 2nd period - Ryan Getzlaf is hit by Bill Guerin.
15:06 of 2nd period - Jiri Fischer is hit by Derian Hatcher.
16:39 of 2nd period - Wrist shot by Darren Reid.
16:39 of 2nd period - Deflect By Ryan Getzlaf.
16:39 of 2nd period - Stopped by Ryan Miller with a rebound.
16:41 of 2nd period - Snap shot by Darren Reid.
16:41 of 2nd period - Stopped by Ryan Miller without a rebound.
16:42 of 2nd period - Peter Forsberg wins face-off versus Tim Connolly in Coyotes zone.
16:44 of 2nd period - Derian Hatcher and Jiri Fischer fight to a draw.
16:44 of 2nd period - Penalty to Derian Hatcher for Fighting.
16:44 of 2nd period - Penalty to Jiri Fischer for Fighting.
16:45 of 2nd period - Peter Forsberg wins face-off versus Tim Connolly in Coyotes zone.
16:52 of 2nd period - Slapshot by Denis Grebeshkov.
16:52 of 2nd period - Deflect By Marian Gaborik.
16:52 of 2nd period - Stopped by Brian Elliott with a rebound.
16:54 of 2nd period - Slapshot by Tim Connolly.
16:54 of 2nd period - Deflect By Peter Forsberg.
16:54 of 2nd period - Shot Misses the Net.
16:54 of 2nd period - Puck is out of play.
16:55 of 2nd period - Peter Forsberg wins face-off versus Tim Connolly in Penguins zone.
17:36 of 2nd period - Marian Gaborik is hit by Ted Purcell and loses puck.
17:47 of 2nd period - Slapshot by Brenden Morrow.
17:47 of 2nd period - Shot Blocked by Steve Staios.
17:49 of 2nd period - Wrist shot by Brenden Morrow.
17:49 of 2nd period - Stopped by Brian Elliott without a rebound.
17:50 of 2nd period - Frans Nielsen wins face-off versus Ryan Getzlaf in Penguins zone.
17:51 of 2nd period - Wrist shot by Drew Miller.
17:51 of 2nd period - Stopped by Brian Elliott with a rebound.
17:56 of 2nd period - Off-side.
17:57 of 2nd period - Ryan Getzlaf wins face-off versus Frans Nielsen in neutral zone.
18:00 of 2nd period - Slapshot by Tom Preissing.
18:00 of 2nd period - Deflect By Ryan Kesler.
18:00 of 2nd period - Shot Misses the Net.
18:00 of 2nd period - Puck is out of play.
18:01 of 2nd period - Frans Nielsen wins face-off versus Ryan Getzlaf in Coyotes zone.
18:27 of 2nd period - Steve Staios is hit by Marian Gaborik and loses puck.
19:10 of 2nd period - Wrist shot by Ville Peltonen.
19:10 of 2nd period - Stopped by Ryan Miller with a rebound.
19:12 of 2nd period - Slapshot by Tom Preissing.
19:12 of 2nd period - Shot Blocked by Sami Lepisto.
19:14 of 2nd period - Wrist shot by Jere Lehtinen.
19:14 of 2nd period - Stopped by Ryan Miller with a rebound.
19:16 of 2nd period - Slapshot by Carlo Colaiacovo.
19:16 of 2nd period - Shot Blocked by Lukas Krajicek.
19:18 of 2nd period - Wrist shot by Ville Peltonen.
19:18 of 2nd period - Goal by Ville Peltonen - Coyotes : 1 - Penguins : 1.
19:19 of 2nd period - Tim Connolly wins face-off versus Ryan Getzlaf in neutral zone.
19:26 of 2nd period - Snap shot by Tim Connolly.
19:26 of 2nd period - Stopped by Brian Elliott with a rebound.
19:49 of 2nd period - Wrist shot by Peter Forsberg.
19:49 of 2nd period - Deflect By Taylor Pyatt.
19:49 of 2nd period - Deflect By Frans Nielsen.
19:49 of 2nd period - Stopped by Ryan Miller without a rebound.
19:50 of 2nd period - Frans Nielsen wins face-off versus Peter Forsberg in Coyotes zone.
3rd period
0:01 of 3rd period - Tim Connolly wins face-off versus Darren Reid in neutral zone.
0:47 of 3rd period - Denis Arkhipov is hit by Chad Larose and loses puck.
1:27 of 3rd period - Snap shot by Darren Reid.
1:27 of 3rd period - Stopped by Ryan Miller with a rebound.
1:47 of 3rd period - Taylor Pyatt is hit by Tom Poti and loses puck.
2:10 of 3rd period - Slapshot by Sergei Samsonov.
2:10 of 3rd period - Deflect By Chad Larose.
2:10 of 3rd period - Stopped by Brian Elliott without a rebound.
2:11 of 3rd period - Ryan Getzlaf wins face-off versus Maxim Lapierre in Penguins zone.
2:11 of 3rd period - Ryan Getzlaf is hit by Kurt Sauer.
2:39 of 3rd period - Wrist shot by Maxim Lapierre.
2:39 of 3rd period - Stopped by Brian Elliott with a rebound.
3:05 of 3rd period - Wrist shot by Drew Miller.
3:05 of 3rd period - Shot Misses the Net.
3:20 of 3rd period - Icing by Mike Watt.
3:21 of 3rd period - Riley Armstrong wins face-off versus Joël Perrault in Penguins zone.
3:47 of 3rd period - Brenden Morrow is hit by Tom Preissing and loses puck.
4:01 of 3rd period - Icing by Ryan Getzlaf.
4:02 of 3rd period - Frans Nielsen wins face-off versus Ryan Getzlaf in Penguins zone.
4:05 of 3rd period - Snap shot by Frans Nielsen.
4:05 of 3rd period - Stopped by Brian Elliott without a rebound.
4:06 of 3rd period - Ryan Getzlaf wins face-off versus Frans Nielsen in Penguins zone.
4:21 of 3rd period - Slapshot by Darren Reid.
4:21 of 3rd period - Shot Blocked by Lukas Krajicek.
4:44 of 3rd period - Slapshot by Jiri Fischer.
4:44 of 3rd period - Deflect By Marian Gaborik.
4:44 of 3rd period - Shot Misses the Net.
4:44 of 3rd period - Puck is out of play.
4:45 of 3rd period - Ryan Kesler wins face-off versus Maxim Lapierre in Penguins zone.
4:49 of 3rd period - Off-side.
4:50 of 3rd period - Maxim Lapierre wins face-off versus Ryan Getzlaf in neutral zone.
4:53 of 3rd period - Slapshot by Tom Poti.
4:53 of 3rd period - Goal by Tom Poti - Coyotes : 2 - Penguins : 1.
4:54 of 3rd period - Ryan Getzlaf wins face-off versus Tim Connolly in neutral zone.
5:21 of 3rd period - Peter Forsberg is hit by Tom Poti and loses puck.
5:28 of 3rd period - Snap shot by Peter Forsberg.
5:28 of 3rd period - Shot Blocked by Frans Nielsen.
5:49 of 3rd period - Off-side.
5:50 of 3rd period - Tim Connolly wins face-off versus Ryan Getzlaf in neutral zone.
6:06 of 3rd period - Snap shot by Marian Gaborik.
6:06 of 3rd period - Shot Misses the Net.
6:20 of 3rd period - Snap shot by Frans Nielsen.
6:20 of 3rd period - Deflect By Drew Miller.
6:20 of 3rd period - Shot Misses the Net.
6:20 of 3rd period - Puck is out of play.
6:21 of 3rd period - Peter Forsberg wins face-off versus Bill Guerin in Penguins zone.
6:34 of 3rd period - Slapshot by Taylor Pyatt.
6:34 of 3rd period - Shot Misses the Net.
6:36 of 3rd period - Snap shot by Ted Purcell.
6:36 of 3rd period - Shot Misses the Net.
6:38 of 3rd period - Snap shot by Steve Staios.
6:38 of 3rd period - Stopped by Ryan Miller without a rebound.
6:39 of 3rd period - Ryan Getzlaf wins face-off versus Brenden Morrow in Coyotes zone.
7:04 of 3rd period - Frans Nielsen is hit by Marc-Édouard Vlasic and loses puck.
7:11 of 3rd period - Ted Purcell is hit by Frans Nielsen and loses puck.
8:09 of 3rd period - Tom Preissing is hit by Marian Gaborik and loses puck.
8:18 of 3rd period - Ryan Kesler is hit by Brenden Morrow and loses puck.
8:26 of 3rd period - Icing by Ryan Kesler.
8:27 of 3rd period - Taylor Pyatt wins face-off versus Frans Nielsen in Penguins zone.
9:42 of 3rd period - Slapshot by Steve Staios.
9:42 of 3rd period - Stopped by Ryan Miller without a rebound.
9:43 of 3rd period - Ryan Getzlaf wins face-off versus Tim Connolly in Coyotes zone.
9:44 of 3rd period - Snap shot by Ryan Kesler.
9:44 of 3rd period - Stopped by Ryan Miller without a rebound.
9:45 of 3rd period - Tim Connolly wins face-off versus Ryan Getzlaf in Coyotes zone.
9:47 of 3rd period - Minor Penalty to Tom Poti for High sticking.
9:48 of 3rd period - Peter Forsberg wins face-off versus Frans Nielsen in Coyotes zone.
10:14 of 3rd period - Kurt Sauer is hit by Ted Purcell and loses puck.
10:25 of 3rd period - Slapshot by Frans Nielsen.
10:25 of 3rd period - Stopped by Brian Elliott with a rebound.
11:47 of 3rd period - Penalty to Tom Poti is over, Tom Poti is back on ice.
11:48 of 3rd period - Icing by Denis Grebeshkov.
11:49 of 3rd period - Ryan Getzlaf wins face-off versus Joël Perrault in Coyotes zone.
12:32 of 3rd period - Slapshot by Riley Armstrong.
12:32 of 3rd period - Stopped by Ryan Miller without a rebound.
12:33 of 3rd period - Marian Gaborik wins face-off versus Ryan Getzlaf in Coyotes zone.
12:44 of 3rd period - Wrist shot by Brenden Morrow.
12:44 of 3rd period - Deflect By Tim Connolly.
12:44 of 3rd period - Shot Hit the Post.
12:44 of 3rd period - Puck is out of play.
12:45 of 3rd period - Tim Connolly wins face-off versus Ryan Getzlaf in Penguins zone.
12:54 of 3rd period - Slapshot by Derian Hatcher.
12:54 of 3rd period - Shot Misses the Net.
12:56 of 3rd period - Slapshot by Marc-Édouard Vlasic.
12:56 of 3rd period - Deflect By Ryan Getzlaf.
12:56 of 3rd period - Stopped by Ryan Miller without a rebound.
12:57 of 3rd period - Ryan Getzlaf wins face-off versus Tim Connolly in Coyotes zone.
13:00 of 3rd period - Wrist shot by Darren Reid.
13:00 of 3rd period - Deflect By Ryan Getzlaf.
13:00 of 3rd period - Stopped by Ryan Miller without a rebound.
13:01 of 3rd period - Ryan Getzlaf wins face-off versus Tim Connolly in Coyotes zone.
13:10 of 3rd period - Snap shot by Ryan Kesler.
13:10 of 3rd period - Stopped by Ryan Miller without a rebound.
13:11 of 3rd period - Ted Purcell wins face-off versus Tim Connolly in Coyotes zone.
13:20 of 3rd period - Wrist shot by Taylor Pyatt.
13:20 of 3rd period - Stopped by Ryan Miller without a rebound.
13:21 of 3rd period - Marian Gaborik wins face-off versus Peter Forsberg in Coyotes zone.
13:26 of 3rd period - Slapshot by Tom Poti.
13:26 of 3rd period - Deflect By Marian Gaborik.
13:26 of 3rd period - Stopped by Brian Elliott with a rebound.
13:28 of 3rd period - Slapshot by Brenden Morrow.
13:28 of 3rd period - Shot Misses the Net.
13:30 of 3rd period - Wrist shot by Brenden Morrow.
13:30 of 3rd period - Deflect By Peter Forsberg.
13:30 of 3rd period - Shot Blocked by Ted Purcell.
13:30 of 3rd period - Puck is out of play.
13:31 of 3rd period - Tim Connolly wins face-off versus Ryan Getzlaf in Penguins zone.
14:08 of 3rd period - Wrist shot by Peter Forsberg.
14:08 of 3rd period - Stopped by Ryan Miller with a rebound.
14:10 of 3rd period - Slapshot by Derian Hatcher.
14:10 of 3rd period - Stopped by Ryan Miller without a rebound.
14:11 of 3rd period - Denis Arkhipov wins face-off versus Tim Connolly in Coyotes zone.
14:11 of 3rd period - Minor Penalty to Marian Gaborik for Hooking.
14:12 of 3rd period - Peter Forsberg wins face-off versus Frans Nielsen in Coyotes zone.
14:13 of 3rd period - Slapshot by Darren Reid.
14:13 of 3rd period - Goal by Darren Reid - Coyotes : 2 - Penguins : 2.
14:14 of 3rd period - Ryan Getzlaf wins face-off versus Tim Connolly in neutral zone.
14:19 of 3rd period - Snap shot by Ryan Getzlaf.
14:19 of 3rd period - Shot Blocked by Sami Lepisto.
15:04 of 3rd period - Wrist shot by Sergei Samsonov.
15:04 of 3rd period - Stopped by Brian Elliott without a rebound.
15:05 of 3rd period - Maxim Lapierre wins face-off versus Ryan Getzlaf in Penguins zone.
15:10 of 3rd period - Snap shot by Denis Grebeshkov.
15:10 of 3rd period - Stopped by Brian Elliott with a rebound.
15:14 of 3rd period - Wrist shot by Sergei Samsonov.
15:14 of 3rd period - Stopped by Brian Elliott with a rebound.
15:16 of 3rd period - Slapshot by Maxim Lapierre.
15:16 of 3rd period - Shot Misses the Net.
15:18 of 3rd period - Wrist shot by Denis Grebeshkov.
15:18 of 3rd period - Shot Misses the Net.
15:20 of 3rd period - Slapshot by Maxim Lapierre.
15:20 of 3rd period - Shot Misses the Net.
15:22 of 3rd period - Slapshot by Tom Poti.
15:22 of 3rd period - Stopped by Brian Elliott without a rebound.
15:23 of 3rd period - Peter Forsberg wins face-off versus Tim Connolly in Penguins zone.
16:15 of 3rd period - Snap shot by Brenden Morrow.
16:15 of 3rd period - Shot Misses the Net.
16:17 of 3rd period - Slapshot by Tom Poti.
16:17 of 3rd period - Stopped by Brian Elliott without a rebound.
16:18 of 3rd period - Ryan Getzlaf wins face-off versus Maxim Lapierre in Penguins zone.
16:30 of 3rd period - Minor Penalty to Ryan Getzlaf for Hooking.
16:31 of 3rd period - Denis Arkhipov wins face-off versus Frans Nielsen in Penguins zone.
16:38 of 3rd period - Wrist shot by Dainius Zubrus.
16:38 of 3rd period - Deflect By Denis Arkhipov.
16:38 of 3rd period - Deflect By Drew Miller.
16:38 of 3rd period - Shot Misses the Net.
16:38 of 3rd period - Puck is out of play.
16:39 of 3rd period - Denis Arkhipov wins face-off versus Frans Nielsen in Coyotes zone.
17:20 of 3rd period - Tom Preissing is hit by Brenden Morrow and loses puck.
18:30 of 3rd period - Penalty to Ryan Getzlaf is over, Ryan Getzlaf is back on ice.
18:55 of 3rd period - Craig Adams is hit by Darren Reid and loses puck.
19:24 of 3rd period - Kurt Sauer is hit by Mike Watt and loses puck.
Overtime #1
0:01 of 1st overtime period - Peter Forsberg wins face-off versus Tim Connolly in neutral zone.
1:22 of 1st overtime period - Kurt Sauer is hit by Ryan Kesler and loses puck.
1:37 of 1st overtime period - Craig Adams is hit by Denis Arkhipov and loses puck.
1:44 of 1st overtime period - Wrist shot by Mike Watt.
1:44 of 1st overtime period - Shot Misses the Net.
1:54 of 1st overtime period - Marc-Édouard Vlasic is hit by Jiri Fischer and loses puck.
2:21 of 1st overtime period - Snap shot by Ryan Kesler.
2:21 of 1st overtime period - Shot Blocked by Tom Poti.
2:43 of 1st overtime period - Snap shot by Craig Adams.
2:43 of 1st overtime period - Stopped by Brian Elliott with a rebound.
3:29 of 1st overtime period - Frans Nielsen is hit by Steve Staios.
4:38 of 1st overtime period - Kurt Sauer is hit by Denis Arkhipov and loses puck.
ShootOut
5:00 of 1st overtime period - Penalty Shot by Marian Gaborik for Coyotes.
5:00 of 1st overtime period - Deke by Marian Gaborik.
5:00 of 1st overtime period - Stopped by Brian Elliott.
5:00 of 1st overtime period - Penalty Shot by Peter Forsberg for Penguins.
5:00 of 1st overtime period - Snap shot by Peter Forsberg.
5:00 of 1st overtime period - Goal by Peter Forsberg.
5:00 of 1st overtime period - Penalty Shot by Sergei Samsonov for Coyotes.
5:00 of 1st overtime period - Snap shot by Sergei Samsonov.
5:00 of 1st overtime period - Stopped by Brian Elliott.
5:00 of 1st overtime period - Penalty Shot by Ted Purcell for Penguins.
5:00 of 1st overtime period - Snap shot by Ted Purcell.
5:00 of 1st overtime period - Shot Misses the Net.
5:00 of 1st overtime period - Penalty Shot by Bill Guerin for Coyotes.
5:00 of 1st overtime period - Snap shot by Bill Guerin.
5:00 of 1st overtime period - Stopped by Brian Elliott.
Output by the SimonT Hockey Simulator (STHS) for François Prévost -- Original Page W3C XHTML 1.0 Valid